Map: Orbital Shipyard

Players

LastofMaster

  • Race: Terran Terran
  • League: Silver

MotherMoose - Winner!

  • Race: Protoss Protoss
  • League: Gold

VOD

Have the link to the VOD?

Description

Time

  • Played on: Jan. 16, 2016, 7:33 p.m.
  • Length: 11:17
Show
View Real Time Build Order
Export as new Build Order

LastofMaster Terran 

Build Orders: Reaper Expand, MMM Bio 

Get SALT Encoding   

  12  0:01  SCV  
  13  0:18  SCV  
  13  0:19  Supply Depot  
  14  0:30  SCV  
  15  0:42  SCV  
  16  0:45  Barracks  
  16  0:47  Refinery  
  16  0:54  SCV  
  17  1:06  SCV  
  18  1:18  SCV  
  19  1:31  Reaper  
  20  1:34  Orbital Command  
  20  1:49  Command Center  
  20  1:52  Supply Depot  
  20  2:04  SCV  
  21  2:08  Barracks Reactor  
  21  2:17  SCV  
  22  2:29  SCV  
  23  2:33  Barracks  
  23  2:34  Barracks  
  23  2:41  SCV  
  24  2:55  Marine  
  24  2:56  Marine  
  26  3:03  Engineering Bay  
  26  3:10  Orbital Command  
  26  3:13  Marine x2  
  28  3:31  Marine x2  
  30  3:46  Barracks Tech Lab, Marine  
  31  3:49  Marine x2  
  31  3:53  SCV x2  
  35  3:56  Factory  
  35  4:04  Marine  
  35  4:07  Marine x2  
  38  4:28  Stimpack  
  38  4:31  Barracks Tech Lab  
  37  4:40  Barracks  
  37  4:42  Missile Turret  
  37  4:43  Terran Infantry Weapons Level 1  
  37  4:45  Barracks  
  37  4:46  Missile Turret  
  37  5:05  Supply Depot  
  37  5:11  Command Center, Marauder x2  
  37  5:12  Marine x2  
  43  5:20  Factory Reactor  
  43  5:21  Starport  
  43  5:23  SCV  
  43  5:24  SCV, Refinery  
  45  5:30  Marine x2  
  47  5:35  SCV  
  47  5:36  SCV  
  47  5:42  Barracks Reactor  
  49  5:48  SCV  
  50  5:50  Barracks Reactor  
  50  6:05  SCV x2  
  50  6:08  Refinery  
  50  6:09  Refinery  
  52  6:17  SCV  
  52  6:20  Medivac  
  54  6:34  Supply Depot  
  54  6:36  Supply Depot  
  54  6:49  Supply Depot  
  54  6:50  Supply Depot  
  54  6:55  Marauder x2, Widow Mine  
  60  7:01  Medivac  
  60  7:02  Medivac  
  64  7:10  Combat Shields  
  64  7:20  Marauder x2  
  64  7:22  Marine x5  
  69  7:23  Marine  
  76  7:45  Factory Tech Lab  
  66  7:59  Factory Tech Lab  
  65  8:22  Marine  
  65  8:23  Marine x3  
  65  8:24  Marauder x2  
  65  8:26  Marine  
  62  8:27  Marine  
  60  8:39  Marine  
  61  8:58  Supply Depot  
  61  8:59  Supply Depot  
  61  9:00  Supply Depot, Marauder x2  
  65  9:03  Supply Depot, Marine x4  
  65  9:04  Marine x2  
  65  9:07  Concussive Shells  
  71  9:10  Command Center  
  71  9:13  SCV x2  
  73  9:21  Marauder x2  
  75  9:25  SCV x2  
  74  9:37  SCV  
  71  9:38  Marine  
  71  9:39  Marine x4  
  71  9:40  Marine  
  71  9:43  Marauder x2  
  75  9:56  Marine  
  75  9:57  Marine x4  
  75  9:58  Marine  
  81  10:03  Marine  
  62  10:28  Marauder x2  
  62  10:29  Marine x5  
  62  10:30  Orbital Command  
  71  10:50  Marauder x2  
Show
View Real Time Build Order
Export as new Build Order

MotherMoose Protoss - Winner!

Build Orders: 1 Gate Expand 

Get SALT Encoding   

  12  0:01  Probe (Chrono Boost)  
  13  0:11  Probe (Chrono Boost)  
  14  0:22  Pylon  
  14  0:23  Probe (Chrono Boost)  
  15  0:40  Probe (Chrono Boost)  
  15  0:41  Gateway  
  16  0:50  Probe (Chrono Boost), Assimilator  
  17  1:01  Probe (Chrono Boost)  
  18  1:17  Nexus  
  18  1:24  Probe (Chrono Boost)  
  19  1:31  Cybernetics Core  
  19  1:36  Probe (Chrono Boost)  
  20  1:40  Assimilator  
  20  1:46  Probe (Chrono Boost)  
  21  1:51  Pylon  
  21  1:57  Probe (Chrono Boost)  
  22  2:07  Probe (Chrono Boost)  
  23  2:15  Robotics Facility  
  23  2:18  Probe (Chrono Boost)  
  24  2:27  Assimilator  
  24  2:28  Probe (Chrono Boost)  
  24  2:29  Probe (Chrono Boost)  
  26  2:39  Probe (Chrono Boost)  
  26  2:40  Probe (Chrono Boost)  
  28  2:49  Probe (Chrono Boost)  
  29  2:52  Probe (Chrono Boost)  
  29  2:55  Assimilator  
  30  3:00  Probe (Chrono Boost)  
  30  3:03  Probe (Chrono Boost), Robotics Bay  
  32  3:09  Pylon  
  32  3:11  Probe (Chrono Boost)  
  32  3:31  Immortal (Chrono Boost)  
  32  3:33  Probe  
  35  3:34  Probe  
  37  3:45  Robotics Facility  
  37  3:46  Probe  
  36  3:51  Probe  
  35  3:58  Probe  
  35  4:02  Probe  
  36  4:05  Disruptor (Chrono Boost)  
  39  4:10  Probe  
  39  4:12  Probe  
  39  4:22  Probe  
  39  4:23  Probe  
  41  4:33  Probe, Disruptor (Chrono Boost)  
  41  4:34  Probe  
  49  4:41  Disruptor (Chrono Boost), Robotics Facility  
  49  4:44  Probe  
  49  4:47  Probe  
  51  4:55  Probe  
  51  4:59  Probe  
  53  5:14  Pylon  
  53  5:16  Forge  
  53  5:27  Pylon x2  
  53  5:32  Disruptor (Chrono Boost)  
  62  5:36  Disruptor x2 (Chrono Boost)  
  62  5:51  Probe  
  62  5:52  Photon Cannon  
  62  5:53  Probe  
  62  5:56  Photon Cannon  
  64  5:57  Pylon  
  64  6:03  Disruptor (Chrono Boost)  
  67  6:05  Probe  
  71  6:12  Disruptor (Chrono Boost)  
  71  6:25  Disruptor (Chrono Boost)  
  74  6:34  Nexus  
  74  6:36  Pylon  
  74  6:37  Pylon  
  74  6:39  Pylon  
  74  6:44  Disruptor (Chrono Boost)  
  80  6:49  Disruptor (Chrono Boost)  
  80  7:00  Robotics Facility  
  80  7:01  Robotics Facility  
  81  7:10  Observer (Chrono Boost)  
  81  7:15  Probe  
  81  7:16  Probe  
  81  7:20  Disruptor (Chrono Boost), Assimilator  
  86  7:25  Probe, Assimilator  
  86  7:27  Pylon  
  86  7:28  Probe  
  88  8:01  Disruptor (Chrono Boost)  
  88  8:05  Probe x2  
  97  8:06  Probe, Disruptor x2 (Chrono Boost)  
  100  8:16  Probe  
  100  8:19  Probe  
  89  8:44  Disruptor (Chrono Boost)  
  89  8:45  Disruptor (Chrono Boost)  
  89  8:46  Disruptor (Chrono Boost), Photon Cannon  
  89  8:47  Photon Cannon  
  89  8:48  Disruptor (Chrono Boost)  
  101  8:49  Photon Cannon  
  101  8:51  Photon Cannon  
  104  8:55  Disruptor (Chrono Boost)  
  104  8:59  Pylon  
  104  9:01  Pylon  
  104  9:23  Pylon  
  104  9:34  Disruptor (Chrono Boost)  
  104  9:35  Disruptor (Chrono Boost)  
  116  9:39  Disruptor x2 (Chrono Boost)  
  119  9:54  Disruptor (Chrono Boost)  
  119  10:05  Disruptor (Chrono Boost)  
  122  10:21  Disruptor (Chrono Boost)  
  122  10:26  Disruptor x2 (Chrono Boost)  
  128  10:33  Pylon  
  131  10:35  Pylon  
  131  10:36  Disruptor (Chrono Boost)  
  131  10:38  Disruptor (Chrono Boost), Pylon  
  131  10:40  Pylon  
Tags
 
Add a new tag
Caveats
  • Supply blocks, unpowered buildings, or Contaminate may cause inaccurate times.
  • Supply counts are checked every 10 seconds.